 Dungeon Crawl Stone Soup version 0.17-a0-1939-ga475588 (webtiles) character file.

142 graki42 the Firebug (level 5, -2/28 HPs)
             Began as a Deep Elf Fire Elementalist on Sept 29, 2015.
             Slain by a goblin
             ... wielding a +0 club
              (4 damage)
             ... on level 2 of the Dungeon.
             The game lasted 00:07:17 (1603 turns).

graki42 the Firebug (Deep Elf Fire Elementalist)    Turns: 1603, Time: 00:07:18

Health: -2/28      AC:  2    Str:  6    XL:     5   Next: 3%
Magic:  0/13       EV: 13    Int: 20    God:
Gold:   85         SH:  0    Dex: 15    Spells: 3 memorised, 5 levels left

rFire  . . .     SeeInvis .     i - +0 short sword
rCold  . . .     Clarity  .     a - +0 robe
rNeg   . . .     SustAt   .     (no shield)
rPois  .         Gourm    .     (no helmet)
rElec  .         Spirit   .     (no cloak)
rCorr  .         Warding  .     (no gloves)
rMut   .         Stasis   .     (no boots)
MR     +....                    (no amulet)
Stlth  ++........               s - ring of flight
                                k - ring of protection from magic

@: somewhat resistant to hostile enchantments, unstealthy
A: no striking features
a: Evoke Flight


You were on level 2 of the Dungeon.
You were not hungry.

You visited 1 branch of the dungeon, and saw 4 of its levels.

You collected 85 gold pieces.

Inventory:

Hand weapons
 i - a +0 short sword (weapon)
Armour
 a - a +0 robe (worn)
Jewellery
 k - a ring of protection from magic (left hand)
 s - a ring of flight (right hand)
Scrolls
 d - a scroll of enchant weapon {unknown}
 e - a scroll of identify {unknown}
 f - 2 scrolls of enchant armour {unknown}
 l - 2 scrolls of teleportation {unknown}
 p - a scroll of fog {unknown}
 u - a scroll of amnesia {unknown}
Potions
 g - a potion of invisibility {unknown}
 h - 2 potions of brilliance {unknown}
 j - a potion of resistance {unknown}
 m - a potion of flight {unknown}
 o - a potion of curing {unknown}
 q - a potion of agility {unknown}
 t - a potion of might {unknown}
Books
 b - a book of Flames

   Spells                             Type                      Level
   a - Flame Tongue                   Conjuration/Fire             1
   b - Throw Flame                    Conjuration/Fire             2
   c - Conjure Flame                  Conjuration/Fire             3
   d - Inner Flame                    Hexes/Fire                   3
   e - Sticky Flame                   Conjuration/Fire             4
   f - Fireball                       Conjuration/Fire             5
Comestibles
 c - 2 bread rations
 n - 2 beef jerkies
 r - a meat ration


   Skills:
 + Level 0.1 Fighting
 + Level 2.6 Dodging
 + Level 3.0 Stealth
 + Level 4.4 Spellcasting
 + Level 2.5 Conjurations
 + Level 4.7 Fire Magic


You had 5 spell levels left.
You knew the following spells:

 Your Spells              Type           Power        Failure   Level  Hunger
a - Flame Tongue          Conj/Fire      ###..        2%          1    None
b - Conjure Flame         Conj/Fire      ###.....     10%         3    ###....
c - Inner Flame           Hex/Fire       ##......     17%         3    ###....


Dungeon Overview and Level Annotations

Branches:
Dungeon (4/15)
 Temple: D:4-7

Altars:


Message History

Casting: Flame Tongue
Confirm with . or Enter, or press ? or * to list all spells.
Aiming: Flame Tongue
Press: ? - help, Shift-Dir - straight line, f/p - Ijyb
Aim: Ijyb, wielding a club (almost dead)
The flame tongue hits Ijyb.
You kill Ijyb!
Your Stealth skill increases to level 3!
You have reached level 5!
The rat barely misses you. The goblin barely misses you.
The rat closely misses you.
Casting: Flame Tongue
Confirm with . or Enter, or press ? or * to list all spells.
Aiming: Flame Tongue
Press: ? - help, Shift-Dir - straight line, f - rat
Aim: a rat The flame tongue hits the rat.
The rat is heavily wounded.
The rat misses you. The goblin hits you with a club.
You die...

##.............[.......#
.......................#
.......................#
.........).............#
..!.......)............#
.............[.........#
.......................#
##.............g.......#
###+#+#######..r@......#
....# #..........# #####
#..........#
############ ### ..#


You could see a goblin and a rat.

Vanquished Creatures
  Ijyb (D:2)
  Jessica (D:2)
  Terence (D:2)
  4 adders
  3 giant cockroaches
  5 goblins
  4 hobgoblins
  2 bats
  A giant gecko (D:2)
  3 kobolds
  6 rats (D:2)
31 creatures vanquished.

Notes
Turn   | Place    | Note
--------------------------------------------------------------
     0 | D:1      | graki42 the Deep Elf Fire Elementalist began the quest for the Orb.
     0 | D:1      | Reached XP level 1. HP: 10/10 MP: 6/6
   335 | D:1      | Reached XP level 2. HP: 15/15 MP: 6/8
   790 | D:2      | Reached skill level 4 in Fire Magic
   894 | D:2      | Reached XP level 3. HP: 13/19 MP: 5/10
  1064 | D:2      | Learned a level 3 spell: Conjure Flame
  1068 | D:2      | Learned a level 3 spell: Inner Flame
  1146 | D:2      | You fall through a shaft for 2 floors!
  1335 | D:2      | Noticed Jessica
  1343 | D:2      | Killed Jessica
  1343 | D:2      | Reached XP level 4. HP: 24/24 MP: 7/12
  1513 | D:2      | Noticed Terence
  1575 | D:2      | Killed Terence
  1578 | D:2      | Noticed Ijyb
  1593 | D:2      | HP: 1/24 [Ijyb/club (4)]
  1595 | D:2      | Killed Ijyb
  1595 | D:2      | Reached XP level 5. HP: 1/28 MP: 0/13
  1603 | D:2      | Slain by a goblin

Vault maps used:
D:1:      sevenhm_arrival_forest_fort_large_4
D:2:      uniq_iyjb, uniq_terence, uniq_jessica
D:3:      st_stairs_9

Action                   |  1- 3 |  4- 6 || total
-------------------------+-------+-------++-------
Melee: Club              |     1 |       ||     1
       Short sword       |       |     6 ||     6
 Cast: Flame Tongue      |    48 |    24 ||    72
  Eat: Chunk             |     1 |     1 ||     2
